 Dungeon Crawl Stone Soup version 0.28-a0-948-gee6e0bcda6 (webtiles) character file.

Game seed: 18322819382829823055

1343 dvdlha the Covert (level 8, -2/36 HPs)
             Began as a Spriggan Enchanter on Nov 30, 2021.
             Shot with an arrow by a centaur (8 damage)
             ... on level 5 of the Dungeon.
             The game lasted 00:18:20 (8048 turns).

dvdlha the Covert (Spriggan Enchanter)              Turns: 8048, Time: 00:18:20

Health: -2/36      AC:  6    Str:  6    XL:     8   Next: 35%
Magic:  30/30      EV: 21    Int: 17    God:
Gold:   182        SH:  0    Dex: 15    Spells: 11/23 levels left

rFire   . . .      SeeInvis +   k - +9 rapier of the Ghost {freeze, Drain rElec rPois MP+9}
rCold   . . .      Faith    .   (shield restricted)
rNeg    . . .      Spirit   .   b - +1 robe
rPois   +          Reflect  .   (helmet restricted)
rElec   +          Harm     .   n - +0 cloak
rCorr   .          Rampage  .   (gloves unavailable)
Will    +....                   (boots unavailable)
Stlth   ++++......              (no amulet)
HPRegen 0.12/turn               e - +4 ring of evasion
MPRegen 0.22/turn               j - +4 ring of slaying

@: attractive, very quick
A: very small, no large weapons, unfitting armour, see invisible, speed 3,
iridescent scales 1, MP-powered wands
a: no special abilities


You were on level 5 of the Dungeon.
You visited 1 branch of the dungeon, and saw 5 of its levels.
You also visited: Sewer.

You collected 270 gold pieces.
You spent 88 gold pieces at shops.

Inventory:

Hand Weapons
 a - a +3 dagger
 k - the +9 rapier of the Ghost (weapon) {freeze, Drain rElec rPois MP+9}
   (You acquired it on level 2 of the Dungeon)

   It freezes those it strikes, dealing additional cold damage.
   It can also slow down cold-blooded creatures.
   rElec:     It insulates you from electricity.
   rPois:     It protects you from poison.
   MP:        It affects your magic capacity (+9).
   Drain:     It drains your maximum health when unequipped.
Missiles
 g - 17 poisoned darts (quivered)
Armour
 b - a +1 robe (worn)
 n - a +0 cloak (worn)
Jewellery
 e - a +4 ring of evasion (left hand)
 j - a +4 ring of slaying (right hand)
Wands
 h - a wand of iceblast (11)
Scrolls
 i - a scroll of amnesia
 l - 2 scrolls of enchant weapon
Potions
 d - a potion of brilliance
 f - 2 potions of resistance
 m - a potion of flight


   Skills:
 - Level 1.1 Short Blades
 - Level 2.6 Dodging
 + Level 8.7 Stealth
 + Level 8.1 Spellcasting
 + Level 8.4 Hexes


You had 11 spell levels left.
You knew the following spells:

 Your Spells              Type           Power      Damage    Failure   Level
a - Ensorcelled Hibernat  Hex/Ice        42%        N/A       2%          2
b - Tukima's Dance        Hex            35%        N/A       1%          3
c - Dazzling Flash        Conj/Hex       42%        N/A       5%          3
d - Cause Fear            Hex            17%        N/A       3%          4

Your spell library contained the following spells:

 Spells                   Type           Power      Damage    Failure   Level
 Confusing Touch          Hex            35%        N/A       1%          3
 Inner Flame              Hex/Fire       21%        N/A       5%          3
 Freeze                   Ice            24%        1d5       11%         1
 Magic Dart               Conj           24%        1d4       11%         1
 Searing Ray              Conj           12%        2d4       16%         2
 Fulminant Prism          Conj/Hex       10%        3d9       19%         4
 Frozen Ramparts          Ice            12%        1d3       30%         3
 Hailstorm                Conj/Ice       6%         3d4       71%         4
 Discord                  Hex            17%        N/A       100%        8


Dungeon Overview and Level Annotations

Branches:
Dungeon (5/15)              Sewer (visited)
 Temple: D:4-7

Altars:
Okawaru
Qazlal
Yredelemnul

Shops:
D:1 [   D:2 ?[(=


Innate Abilities, Weirdness & Mutations

You are very small and have problems with some larger weapons.
You are too small for most types of armour.
You have supernaturally acute eyesight. (SInv)
You cover ground extremely quickly. (Speed+++)
You are partially covered in iridescent scales. (AC +2)
You expend magic power (3 MP) to strengthen your wands.


Message History

You now have 182 gold pieces (gained 13).
Your surroundings suddenly seem different.
You see here a +0 leather armour.
Things that are here:
a +0 spear; a quokka skeleton
Things that are here:
a +0 whip; a gnoll skeleton An ufetubus comes into view.
The ufetubus shouts!
You hear a shout!
A centaur comes into view.
The centaur wields a +0 shortbow.
The centaur shoots an arrow.
The arrow closely misses you. The ufetubus closely misses you.
The ufetubus misses you.
The centaur shoots an arrow.
The arrow barely misses you.
You hit the ufetubus but do no damage.
The ufetubus hits you but does no damage.
The ufetubus barely misses you.
The centaur shoots an arrow.
The arrow hits you. The ufetubus closely misses you. x2
You miss the ufetubus.
The centaur shoots an arrow.
The arrow barely misses you. The ufetubus misses you.
The ufetubus completely misses you.
The centaur shoots an arrow.
The arrow hits you.
Unknown command.
The ufetubus barely misses you. The ufetubus completely misses you.
You puncture the ufetubus! You freeze the ufetubus.
You kill the ufetubus!
The centaur shoots an arrow.
The arrow hits you.
The centaur shoots an arrow.
The arrow hits you.
The centaur shoots an arrow.
The arrow hits you!
* * * LOW HITPOINT WARNING * * *
You are too injured to fight recklessly!
You are too injured to fight recklessly!
Okay, then.
Unknown command.
Really quaff the potion of attraction? [Y]es or [N]o only, please.
Really quaff the potion of attraction?
You feel attractive to monsters.
The centaur shoots an arrow.
The arrow hits you!
You die...

##### ....#### ## #..
..#..... .##...
......>.# ..#.c##
.######..## #..... ..##
##..#####....#
#..####..........#.#
......#............#
............!...@.#
......#...........#
..................#
.)....#...........#
..)รท..#.............#
..[)).#...............
##).##..............#..
##..#.................
##..#.####.........##


You could see a centaur.

Vanquished Creatures
  Sigmund (D:2)
  Menkaure (D:5)
  2 ogres
  Blork the orc (D:5)
  2 bullfrogs (Sewer)
  A water moccasin skeleton (D:5)
  A hound (D:4)
  4 orc priests
  A bullfrog skeleton (D:4)
  Crazy Yiuf (D:3)
  Natasha (thrice) (D:2)
  An iguana (D:5)
  5 gnolls
  7 adders
  An ufetubus (D:5)
  5 worms
  3 dart slugs
  23 orcs
  15 endoplasms
  21 giant cockroaches
  8 hobgoblins
  3 jackals (D:1)
  16 quokkas
  22 ball pythons
  5 bats
  11 frilled lizards
  11 goblins
  6 kobolds
  7 rats
  A bush (D:3)
189 creatures vanquished.

Vanquished Creatures (collateral kills)
  A gnoll shaman (D:5)
  A quokka (D:5)
2 creatures vanquished.

Vanquished Creatures (others)
  A dancing weapon (D:5)
  18 plants (D:3)
19 creatures vanquished.

Grand Total: 210 creatures vanquished

Notes
Turn   | Place    | Note
-------+----------+-------------------------------------------
     0 | D:1      | dvdlha the Spriggan Enchanter began the quest for the Orb.
     0 | D:1      | Reached XP level 1. HP: 9/9 MP: 5/5
    24 | D:1      | Found Wibrob's Armour Shoppe.
   173 | D:1      | Reached XP level 2. HP: 6/13 MP: 7/7
   176 | D:1      | Learned a level 2 spell: Ensorcelled Hibernation
   974 | D:1      | Reached XP level 3. HP: 8/16 MP: 6/9
   978 | D:1      | Learned a level 3 spell: Tukima's Dance
   982 | D:1      | Learned a level 3 spell: Dazzling Flash
  1152 | D:1      | Identified a scroll of acquirement
  1152 | D:1      | Acquired a book of Hexes
  2261 | D:2      | Reached XP level 4. HP: 11/21 MP: 8/11
  2514 | D:2      | Found Dojughi's Antique Weapon Shoppe.
  2535 | D:2      | Found Uxtar's Magic Scroll Emporium.
  2547 | D:2      | Bought a scroll of identify for 22 gold pieces
  2566 | D:2      | Noticed Sigmund
  2765 | D:2      | Reached skill level 5 in Hexes
  2810 | D:2      | Killed Sigmund
  2811 | D:2      | Reached skill level 5 in Spellcasting
  2811 | D:2      | Reached XP level 5. HP: 24/24 MP: 2/14
  2816 | D:2      | Learned a level 4 spell: Cause Fear
  2821 | D:2      | Found Plog's Jewellery Shop.
  2963 | D:2      | Acquired the +9 rapier of the Ghost {freeze, Drain rElec
                  | rPois MP+9}
  3085 | D:2      | Reached XP level 6. HP: 26/28 MP: 9/15
  3097 | D:2      | Noticed Natasha
  3107 | D:2      | Killed Natasha
  3173 | D:2      | Found Forrekhe's Armour Shop.
  3182 | D:2      | Noticed Natasha
  3443 | D:2      | Reached skill level 5 in Stealth
  3517 | D:2      | Killed Natasha
  3829 | D:2      | Found Dojughi's Antique Weapon Shoppe.
  3852 | D:2      | Found Uxtar's Magic Scroll Emporium.
  3865 | D:2      | Found Forrekhe's Armour Shop.
  3944 | D:2      | Found Plog's Jewellery Shop.
  4056 | D:2      | Noticed Natasha
  4065 | D:2      | Killed Natasha
  4348 | D:3      | Found a glowing drain.
  4358 | Sewer    | Entered a sewer
  5458 | Sewer    | Reached XP level 7. HP: 21/32 MP: 17/17
  6025 | D:3      | Found a faded altar of an unknown god.
  6107 | D:3      | Found a stormy altar of Qazlal.
  6489 | D:3      | Found a runed translucent door.
  6490 | D:3      | Noticed Crazy Yiuf
  6496 | D:3      | Killed Crazy Yiuf
  6615 | D:2      | Bought a scroll of identify for 22 gold pieces
  6615 | D:2      | Bought a scroll of identify for 22 gold pieces
  6615 | D:2      | Bought a scroll of identify for 22 gold pieces
  6619 | D:2      | Gained mutation: You are partially covered in iridescent
                  | scales. (AC +2) [potion of mutation]
  6619 | D:2      | Gained mutation: You expend magic power (3 MP) to
                  | strengthen your wands. [potion of mutation]
  7245 | D:4      | Found an iron altar of Okawaru.
  7246 | D:4      | Found a basalt altar of Yredelemnul.
  7447 | D:4      | Reached XP level 8. HP: 36/36 MP: 20/20
  7573 | D:5      | Entered Level 5 of the Dungeon
  7579 | D:5      | Noticed Menkaure
  7586 | D:5      | Killed Menkaure
  7828 | D:5      | Noticed Blork the orc
  7834 | D:5      | Killed Blork the orc
  8048 | D:5      | Shot with an arrow by a centaur

Illustrated notes

Levels and vault maps discovered:
D:1:      dpeg_arrival_windows_large_door, layout_loops_ring, serial_shops,
          nicolae_shop_trees, roderic_nine_men_s_morris, nrook_campfire
D:2:      cheibrodos_pilgrimage, layout_basic, serial_shops,
          nicolae_shop_temple_entry_statues_fountains, shop,
          nicolae_shop_window_shopping,
          nicolae_shop_temple_entry_statues_fountains, uniq_natasha,
          uniq_sigmund
D:3:      layout_rooms, mainiacjoe_overflow_surrounded_room,
          shapermc_ecumenical_altar_totnotflames, portal_sewer_entry_e,
          lexackson_kobold_supper, uniq_crazy_yiuf_cottage
D:4:      layout_rooms, nicolae_overflow_squiral
D:5:      layout_rooms, mainiacjoe_overflow_small_starburst, uniq_blork_the_orc,
          uniq_menkaure, uniq_duvessa

Skill      XL: |  1  2  3  4  5  6  7  8 |
---------------+-------------------------+-----
Spellcasting   | 3 4 5 6 7 8 |  8.1
Hexes          | 4 6 7 8 |  8.4
Stealth        | 6 7 8 |  8.7
Short Blades   | |  1.1
Dodging        | |  2.6

Action                   |  1- 3 |  4- 6 |  7- 9 || total
-------------------------+-------+-------+-------++-------
Melee: Dagger            |   117 |   109 |       ||   226
       Rapier            |       |   123 |   148 ||   271
 Cast: Ensorcelled Hiber |    14 |    22 |     9 ||    45
       Tukima's Dance    |       |     1 |     7 ||     8
  Use: Scroll            |     3 |     8 |     8 ||    19
       Potion            |       |     4 |     3 ||     7
 Stab: Sleeping          |    17 |    14 |    11 ||    42
       Invisible         |       |     3 |       ||     3
       Distracted        |       |       |     1 ||     1
Armor: Robe              |     6 |    12 |    11 ||    29
Dodge: Dodged            |   100 |   193 |   113 ||   406

Table legend: (Time is in decaauts)
 A = Elapsed time spent in this place.
 B = Non-inter-level travel time spent in this place.
 C = Inter-level travel time spent in this place.
 D = Time resting spent in this place.
 E = Time spent auto-exploring this place.
 F = Levels seen in this place.
 G = Mean time per level.
                   A        B        C        D        E       F      G
               +--------+--------+--------+--------+--------+-----+--------+
         Total |   6778 |   6620 |    158 |   2105 |   3174 |   6 | 1129.7 |
       Dungeon |   5532 |   5374 |    158 |   1578 |   2767 |   5 | 1106.4 |
         Sewer |   1245 |   1245 |      0 |    527 |    406 |   1 | 1245.0 |
               +--------+--------+--------+--------+--------+-----+--------+

Top non-repeatable levels by time:
     D:1: 1863 daAuts
     D:2: 1584 daAuts
   Sewer: 1245 daAuts
     D:3: 941 daAuts
     D:4: 881 daAuts
     D:5: 261 daAuts
